Workbook

Sheet 08.04.ГП-75.9
L1: Приложение №
L2: к Договору подряда №
A4: ПОДРЯДЧИК: | E4: ТЕХНИЧЕСКИЙ ЗАКАЗЧИК: | J4: ЗАКАЗЧИК:
A8: ______________/ | E8: _____________/С.И. Ярков | J8: _____________/С.И. Ярков
A11: Локальный сметный расчет №1
A12: Объект: «Комплексная застройка территории, расположенной в границах улиц Камчатская – Западносибирская – Энтузиастов в г. Тюмени. Многоэтажный жилой дом ГП-75» секция 9
A14: № п/п | B14: Наименование | C14: Марка/ Завод изготовитель | D14: Характеристика | E14: Ед. изм. | F14: Норма расхода | G14: Толщина, мм (м)/ Высота, мм (м)/ Длина,мм (м)/ Диаметр , мм (м) | H14: Кол-во | I14: Цена за ед. изм., руб | J14: Сумма, руб | K14: Примечание | L14: Форма закупа материала
A15: 08 | B15: Двери
A16: 08.04. | B16: Поставка и монтаж ворот
A17: 08.04.01. | B17: Ворота секционные
A18: 08.04.01.00 | B18: Ворота секционные | J18: =J19+J22 -> 0
B19: Работа: | J19: =J20+J21 -> 0
B20: Монтаж секционных ворот | E20: шт | H20: 5 | I20: =VLOOKUP(B20,Работы!$B$4:$J$5,8,0) -> 0 | J20: =I20*H20 -> 0
B21: Подготовка проемов и пуско-наладочные работы | E21: шт | H21: 5 | I21: =VLOOKUP(B21,Работы!$B$4:$J$5,8,0) -> 0 | J21: =I21*H21 -> 0
B22: Материалы: | J22: =SUM(J23:J27) -> 0
B23: Комплект секционных ворот тип 1 с калиткой. | C23: "Алютех" или аналог | D23: Промышленные секционные ворота из аллюм. Панелей арт. СП.Р.ProPlus. Внешний цвет панелей Ral 7024 | E23: шт | G23: Габаритные размеры ворот ВхН, 3500х3200мм | H23: 1 | I23: =VLOOKUP(B23,Материал!$B$4:$L$5,8,0) -> 0 | J23: =I23*H23 -> 0 | K23: Обозначение по проекту ВМ-1 (16)
B24: Комплект секционных ворот тип 2 | C24: "Алютех" или аналог | D24: Промышленные секционные ворота из аллюм. Панелей арт. СП.Р.ProPlus. Внешний цвет панелей Ral 7024 | E24: шт | G24: Габаритные размеры ворот ВхН, 2800х3200мм | H24: 4 | I24: =VLOOKUP(B24,Материал!$B$4:$L$5,8,0) -> 0 | J24: =I24*H24 -> 0 | K24: Обозначение по проекту ВМ-2 (17)
A25: 08.04.01.00 | B25: Пульт ДУ | J25: =J26+J29 -> 0
B26: Пульт дистанионного управления с програмированием | C26: "Алютех" или аналог | E26: шт | H26: 416
I28: Итого по ЛСР, в тч НДС: | J28: =J18 -> 0 | K28: Либо указать: Без НДС
I29: в тч стоимость работ: | J29: =J19 -> 0
I30: в тч стоимость материалов: | J30: =J22 -> 0
I31: в тч НДС: | J31: =J28*20/120 -> 0 | K31: Либо указать: нет
A34: Примечание:
A37: 1. В стоимость работ учесть подготовку проемов. Включая металлокаркас и облицовку, при необходимости.
A38: 2. Учесть блок для приема сигнала на открывание ворот по индукционной петле и считывалю Akuvox 01
A39: 3. Учесть Дополнительный, внешний, контур уплотнения для полотна ворот.
A40: 4. На кождое паркоместо, заложить четырехканальный пульт для ворот, плюс 10 пультов для УК.
A41: 5. Фотоэлементы и сигнальные лампы, так же дополнительно фотоэлемент в уплотнении нижней панели ворот.
A42: 6. Ral 7024 с внешней стороны. Внутреняя часть белая.
A43: 7. После фактического замера ворот, сумма контракта остается неизменной
A45: Стоимость строительно-монтажных работ (СМР) учитывает прямые затраты, накладные расходы, сметную прибыль, затраты на все второстепенные, сопутсвующие (расходные) материалы и работы необходимые для осуществления полного комплекса работ, включая затраты: на мобилизацию, аренду и эксплуатацию всех необходимых механизмов, оборудования и инструментов, бытовых помещений и биотуалетов; выполнение сопутствующих работ; вывоз мусора; налоги и иные издержки Подрядчика.
A46: Стоимость материалов учитывает стоимость доставки до объекта строительства.
A47: Изготовление и монтаж дверей только после замеров
A48: Стоимость установки ворот учитывает стоимость разгрузки, разноски до места монтажа, монтаж

Sheet Работы
B1: Ведомость объемов работ
A2: № п/п | B2: Наименование | C2: Марка/ Завод изготовитель | D2: Характеристика | E2: Ед. изм. | F2: Норма расхода | G2: Толщина, мм (м)/ Высота, мм (м)/ Длина,мм (м)/ Диаметр , мм (м) | H2: Кол-во | I2: Цена за ед. изм., руб | J2: Сумма, руб | K2: Примечание | L2: Форма закупа материала
B3: Работа: | J3: =J4+J5 -> 0
B4: Монтаж секционных ворот | E4: шт | H4: 5 | J4: =I4*H4 -> 0
B5: Подготовка проемов и пуско-наладочные работы | E5: шт | H5: 5 | J5: =I5*H5 -> 0
A6: Примечание: | K6: =J3-'08.04.ГП-75.9'!J29 -> 0 | L6: проверка
A7: 1. В стоимость работ учесть подготовку проемов. Включая металлокаркас и облицовку, при необходимости.
A8: 2. Учесть блок для приема сигнала на открывание ворот по индукционной петле и считывалю Akuvox 01
A9: 3. Учесть Дополнительный, внешний, контур уплотнения для полотна ворот.
A10: 4. На кождое паркоместо, заложить четырехканальный пульт для ворот, плюс 10 пультов для УК.
A11: 5. Фотоэлементы и сигнальные лампы, так же дополнительно фотоэлемент в уплотнении нижней панели ворот.
A12: 6. Ral 7024 с внешней стороны. Внутреняя часть белая.
A13: 7. После фактического замера ворот, сумма контракта остается неизменной
A15: Стоимость строительно-монтажных работ (СМР) учитывает прямые затраты, накладные расходы, сметную прибыль, затраты на все второстепенные, сопутсвующие (расходные) материалы и работы необходимые для осуществления полного комплекса работ, включая затраты: на мобилизацию, аренду и эксплуатацию всех необходимых механизмов, оборудования и инструментов, бытовых помещений и биотуалетов; выполнение сопутствующих работ; вывоз мусора; налоги и иные издержки Подрядчика.
A16: Стоимость материалов учитывает стоимость доставки до объекта строительства.
A17: Изготовление и монтаж дверей только после замеров
A18: Стоимость установки ворот учитывает стоимость разгрузки, разноски до места монтажа, монтаж

Sheet Материал
B1: Спецификация материалов
A2: № п/п | B2: Наименование | C2: Марка/ Завод изготовитель | D2: Характеристика | E2: Ед. изм. | F2: Норма расхода | G2: Толщина, мм (м)/ Высота, мм (м)/ Длина,мм (м)/ Диаметр , мм (м) | H2: Кол-во | I2: Цена за ед. изм., руб | J2: Сумма, руб | K2: Примечание | L2: Форма закупа материала
B3: Материалы: | J3: =SUM(J4:J5) -> 0
B4: Комплект секционных ворот тип 1 с калиткой. | C4: "Алютех" или аналог | D4: Промышленные секционные ворота из аллюм. Панелей арт. СП.Р.ProPlus. Внешний цвет панелей Ral 7024 | E4: шт | G4: Габаритные размеры ворот ВхН, 3500х3200мм | H4: 1 | J4: =I4*H4 -> 0 | K4: Обозначение по проекту ВМ-1 (16)
B5: Комплект секционных ворот тип 2 | C5: "Алютех" или аналог | D5: Промышленные секционные ворота из аллюм. Панелей арт. СП.Р.ProPlus. Внешний цвет панелей Ral 7024 | E5: шт | G5: Габаритные размеры ворот ВхН, 2800х3200мм | H5: 4 | J5: =I5*H5 -> 0 | K5: Обозначение по проекту ВМ-2 (17)
K6: =J3-'08.04.ГП-75.9'!J30 -> 0
A8: Примечание:
A9: 1. В стоимость работ учесть подготовку проемов. Включая металлокаркас и облицовку, при необходимости.
A10: 2. Учесть блок для приема сигнала на открывание ворот по индукционной петле и считывалю Akuvox 01
A11: 3. Учесть Дополнительный, внешний, контур уплотнения для полотна ворот.
A12: 4. На кождое паркоместо, заложить четырехканальный пульт для ворот, плюс 10 пультов для УК.
A13: 5. Фотоэлементы и сигнальные лампы, так же дополнительно фотоэлемент в уплотнении нижней панели ворот.
A14: 6. Ral 7024 с внешней стороны. Внутреняя часть белая.
A15: 7. После фактического замера ворот, сумма контракта остается неизменной
A17: Стоимость строительно-монтажных работ (СМР) учитывает прямые затраты, накладные расходы, сметную прибыль, затраты на все второстепенные, сопутсвующие (расходные) материалы и работы необходимые для осуществления полного комплекса работ, включая затраты: на мобилизацию, аренду и эксплуатацию всех необходимых механизмов, оборудования и инструментов, бытовых помещений и биотуалетов; выполнение сопутствующих работ; вывоз мусора; налоги и иные издержки Подрядчика.
A18: Стоимость материалов учитывает стоимость доставки до объекта строительства.
A19: Изготовление и монтаж дверей только после замеров
A20: Стоимость установки ворот учитывает стоимость разгрузки, разноски до места монтажа, монтаж
